 Dungeon Crawl Stone Soup version 0.30-a0-967-g9b59a09336 (webtiles) character file.

Game seed: 14998743226321699603

290547 Grim the Severer (level 19, -1/177 HPs)
             Began as a Minotaur Berserker on Mar 31, 2023.
             Was a High Priest of Trog.
             Slain by a tengu reaver simulacrum (8 damage)
             ... led by Josephina
             ... on level 2 of the Depths.
             The game lasted 01:34:16 (62508 turns).

Grim the Severer (Minotaur Berserker)              Turns: 62508, Time: 01:34:19

Health: -1/177     AC: 37    Str: 28    XL:     19   Next: 94%
Magic:  27/27      EV: 18    Int:  4    God:    Trog [*****.]
Gold:   2160       SH:  0    Dex: 12    Spells: 18/18 levels left

rFire   . . .      SeeInvis +    a - +3 executioner's axe (heavy)
rCold   + + .      Faith    +    (shield currently unavailable)
rNeg    . . .      Spirit   .    E - +3 crystal plate armour {rC+}
rPois   +          Reflect  .    (helmet restricted)
rElec   +          Rampage  .    V - +0 cloak of the Stone Wall {Will- Slay+5 SInv Stlth+}
rCorr   .                        P - +1 pair of gloves {hurl}
Will    ++...                    W - +1 pair of boots {Stlth+} Stlth
                                 j - amulet "Heshruru" {Faith rC+ MP+9}
HPRegen 1.49/turn                Y - +5 ring of evasion
MPRegen 0.20/turn                C - ring of poison resistance

@: strong-willed, on berserk cooldown, regenerating, slowed, very slow
A: horns 2, retaliatory headbutt, see invisible, mutation resistance 1,
electricity resistance
}: 2/15 runes: decaying, serpentine
a: Renounce Religion, Berserk, Trog's Hand, Brothers in Arms


You were on level 2 of the Depths.
You worshipped Trog.
Trog was extremely pleased with you.
You visited 6 branches of the dungeon, and saw 32 of its levels.
You visited the Abyss 1 time.
You visited 1 bazaar.
You also visited: Sewer, Gauntlet and Ice Cave.

You collected 3983 gold pieces.
You spent 1823 gold pieces at shops.

Inventory:

Hand Weapons
 a - a +3 heavy executioner's axe (weapon)
 b - a +0 arbalest of flaming
 D - the +9 sword of Zonguldrok {reap}
   (Trog gifted it to you on level 1 of the Snake Pit)
 S - a +5 antimagic battleaxe
Missiles
 T - a throwing net
Armour
 E - a +3 crystal plate armour of cold resistance (worn)
 P - a +1 pair of gloves of hurling (worn)
 V - the +0 cloak of the Stone Wall (worn) {Will- Slay+5 SInv Stlth+}
   (You acquired it in a bazaar)

   Slay:      It affects your accuracy & damage with ranged weapons and melee
   (+5).
   SInv:      It lets you see invisible.
   Will:      It decreases your willpower.
   Stlth:     It makes you more stealthy.
 W - a +1 pair of boots of stealth (worn)
Jewellery
 j - the amulet "Heshruru" (around neck) {Faith rC+ MP+9}
   (You acquired it on level 11 of the Dungeon)

   [amulet of faith]

   It allows you to gain divine favour quickly.
   rC:        It protects you from cold.
   MP:        It affects your magic capacity (+9).
 C - a ring of poison resistance (right hand)
 Y - a +5 ring of evasion (left hand)
 Z - an amulet of the acrobat
Wands
 g - a wand of flame (36)
 p - a wand of roots (51)
 w - a wand of polymorph (34)
 x - a wand of charming (23)
 G - a wand of light (27)
 H - a wand of mindburst (15)
Scrolls
 i - 3 scrolls of poison {unknown}
 l - 10 scrolls of amnesia
 m - 10 scrolls of enchant armour
 n - 9 scrolls of vulnerability
 o - 3 scrolls of brand weapon {unknown}
 q - 6 scrolls of enchant weapon
 r - 6 scrolls of immolation
 s - 6 scrolls of magic mapping
 t - 4 scrolls of identify
 u - 7 scrolls of teleportation
 y - 6 scrolls of fog
 I - 3 scrolls of silence {unknown}
 N - 5 scrolls of torment {unknown}
 Q - 5 scrolls of fear {unknown}
 U - 2 scrolls of butterflies {unknown}
 X - 2 scrolls of noise {unknown}
Potions
 c - a potion of magic
 d - 2 potions of heal wounds
 e - 13 potions of mutation {!q}
 h - 7 potions of might
 k - 19 potions of curing
 v - 5 potions of invisibility
 z - 5 potions of cancellation
 A - 6 potions of brilliance
 B - 8 potions of haste
 F - 9 potions of lignification
 J - 7 potions of attraction
 K - 5 potions of berserk rage
 L - 14 potions of degeneration {!q}
 M - 3 potions of resistance
 O - a potion of ambrosia
 R - 5 potions of flight


   Skills:
 + Level 17.3 Fighting
 + Level 20.6(20.7) Axes
 - Level 4.0(14.1) Polearms
 - Level 17.5 Ranged Weapons
 + Level 20.1 Armour
 - Level 20.2 Dodging


You had 18 spell levels left.
You didn't know any spells.
Your spell library was empty.

Dungeon Overview and Level Annotations

Branches:
Dungeon (15/15)            Temple (0/1) D:7            Lair (5/5) D:10
  Swamp (4/4) Lair:3        Snake (4/4) Lair:3        Slime (0/5) Lair:5
    Orc (2/2) D:10            Elf (0/3) Orc:2        Vaults (0/5) D:14
 Depths (2/4) D:15          Sewer (visited)           IceCv (visited)
Gauntlet (visited)

Altars:
Ashenzari
Elyvilon
Kikubaaqudgha
Ru
Uskayaw
Wu Jian
Xom

Shops:
Orc:2 [(=*   Snake:1 =:=   Snake:2 [*!   Depths:2 *

Portals:
Hell: Depths:1 Depths:2
Abyss: Depths:1


Innate Abilities, Weirdness & Mutations

You have a pair of horns on your head.
You reflexively headbutt those who attack you in melee.
You have supernaturally acute eyesight. (SInv)
You are somewhat resistant to further mutation.
You are resistant to electric shocks. (rElec)


Message History

The sphinx is engulfed in freezing vapours.
The sphinx hits you.
* * * LOW HITPOINT WARNING * * *
The sphinx closely misses you. x2
The spark wasp simulacrum hits you but does no damage.
You slice the sphinx!!
You kill the sphinx!
Trog accepts your kill.
Trog appreciates your killing of a magic user.
You slash the spark wasp simulacrum!
You closely miss the tengu reaver simulacrum.
A freezing mist starts to gather...
A sphinx simulacrum comes into view.
The tengu reaver simulacrum hits you but does no damage.
The tengu reaver simulacrum misses you.
The tengu reaver simulacrum completely misses you.
The spark wasp simulacrum hits you.
* * * LOW HITPOINT WARNING * * *
The spark wasp simulacrum freezes you! You resist.
* * * LOW HITPOINT WARNING * * *
You slash the tengu reaver simulacrum!
The tengu reaver simulacrum is moderately damaged.
You slice the spark wasp simulacrum!!
The spark wasp simulacrum vaporises!
Trog accepts your kill.
You are no longer berserk.
You are exhausted.
You feel as though you will be slow longer.
The tengu reaver simulacrum hits you but does no damage.
The tengu reaver simulacrum pecks you but does no damage.
The tengu reaver simulacrum claws you but does no damage.
The tengu reaver simulacrum closely misses you.
You furiously retaliate!
You headbutt the tengu reaver simulacrum.
The tengu reaver simulacrum pecks you but does no damage.
The tengu reaver simulacrum claws you.
* * * LOW HITPOINT WARNING * * *
The tengu reaver simulacrum freezes you!
You resist.
You die...

~≈.................##≈≈≈..§≈§##[.
...................##≈...§§§≈§#..
...................##≈.⌠.⌠.§§≈#..
##.........[.......##≈..∩§.≈§##..
###.......).......###≈.⌠.⌠.≈§....
###...............##≈≈....§≈##..#
.......†[........##≈≈≈....§§.#..#
~..............○##≈§....§§≈§#.[.#
~...............@#≈≈≈.∩..§≈##...#
~.~~~..........ZZ.#§.§..§≈##...)#
~.~≈~~[............≈≈≈..≈≈##[.)[.
..≈.................≈≈≈≈≈##)..).)
..~...............#..≈.§##.....(<
..............................#[÷
....................[.......##...
.............................##..
.........................~...###.


You could see a sphinx simulacrum and a tengu reaver simulacrum.

Vanquished Creatures
  Josephina (Depths:2)
  Bai Suzhen (Depths:2)
  Saint Roka (Orc:2)
  Vashnia (Snake:4)
  A tentacled monstrosity (Swamp:1)
  A lich (Depths:1)
  5 sphinxes
  A tengu reaver (Depths:2)
  4 thorn hunters
  Donald (Swamp:4)
  3 nagarajas
  2 azure jellies (IceCv)
  4 fenstrider witches
  2 frost giants
  A fire giant (Depths:1)
  Louise (Swamp:3)
  An ironbound preserver (D:14)
  7 very ugly things
  2 ghouls (Swamp:4)
  2 quicksilver oozes (IceCv)
  A spriggan defender (Depths:1)
  4 stone giants
  A deep elf demonologist (Depths:1)
  7 eleionomae
  2 bunyips
  The ghost of Nepie the Severer, a journeyman MiBe of Trog (Swamp:1)
  The ghost of choppaz the Cleaver, a journeyman HOFi of Okawaru (D:8)
  3 spark wasps (Depths:2)
  A minotaur (Gauntlet)
  3 mummy priests (Depths:2)
  A blizzard demon (Swamp:3)
  4 ettins
  A green death (Swamp:4)
  A jiangshi (Depths:2)
  A merfolk javelineer (Depths:2)
  3 rakshasas
  Harold (Lair:2)
  2 fire dragons
  An ice dragon (Depths:1)
  3 ogre magi (Swamp:4)
  14 hydras
  10 anacondas
  2 spriggan air magi
  9 centaur warriors
  5 boulder beetles
  3 salamander tyrants
  3 dancing weapons (D:13)
  4 death yaks (Lair:2)
  2 ghost crabs (Swamp:4)
  15 alligators
  24 naga warriors
  4 two-headed ogres
  2 deep troll shamans (Depths:2)
  2 tengu warriors
  3 deep troll earth magi
  A thrashing horror (Abyss:2)
  A vampire mage (Depths:1)
  20 naga sharpshooters
  2 spriggan berserkers
  An orc high priest (Orc:2)
  4 skysharks
  A soul eater (Swamp:4)
  A storm dragon zombie (Abyss:2)
  5 shock serpents
  4 wretched stars (Abyss:2)
  5 salamander mystics
  5 sixfirhies
  8 spriggans
  Nergalle (Orc:2)
  A quicksilver dragon simulacrum (Depths:2)
  2 iron trolls (Depths:1)
  A death drake (Swamp:4)
  8 naga ritualists
  5 goliath frogs
  12 bog bodies
  5 swamp dragons
  4 sea snakes (Snake:1)
  3 spriggan druids
  A glowing orange brain (Depths:2)
  7 deep trolls
  Pikel (D:7)
  A deep elf zephyrmancer (Swamp:4)
  2 wizards (Swamp:4)
  4 orc knights
  A harpy (shapeshifter) (D:14)
  4 orc sorcerers
  2 oklob plants (Lair:5)
  A will-o-the-wisp (Swamp:2)
  3 steelbarb worms
  2 deep elf pyromancers
  11 mana vipers
  A wolf spider (D:15)
  32 ugly things
  3 large abominations (Abyss:2)
  15 salamanders
  5 cyclopes
  3 manticores
  2 moths of wrath (Gauntlet)
  6 elephants
  Maurice (D:10)
  Joseph (D:7)
  An apocalypse crab (Abyss:2)
  40 black mambas
  A torpor snail (Lair:5)
  2 black mambas (shapeshifter) (D:14)
  14 guardian serpents
  26 naga magi
  A gargoyle (D:14)
  An ice statue (IceCv)
  A demonic crawler (Abyss:2)
  8 cane toads
  6 orange demons
  2 unseen horrors
  An efreet (D:15)
  5 rime drakes
  A tengu conjurer (D:15)
  9 komodo dragons
  5 yaktaurs (D:14)
  A spark wasp simulacrum (Depths:2)
  A troll (shapeshifter) (D:14)
  3 guardian mummies (Depths:2)
  10 polar bears
  6 ancient zymes (Abyss:2)
  9 hornets
  7 trolls
  15 tyrant leeches
  4 hellwings
  2 raiju (Lair:5)
  A harpy skeleton (Abyss:2)
  5 dream sheep (Lair:5)
  14 blink frogs
  A snapping turtle (shapeshifter) (D:15)
  9 flying skulls (Gauntlet)
  A centaur simulacrum (D:15)
  A vampire (D:12)
  22 slime creatures
  A ynoxinul (Abyss:2)
  3 shadows
  A wyvern (Lair:4)
  A fire elemental (Depths:1)
  2 wraiths (Abyss:2)
  A basilisk (D:14)
  26 yaks
  4 humans (D:6)
  4 steam dragons
  2 neqoxecs
  4 chaos spawn
  11 vampire mosquitoes
  55 nagas
  27 swamp worms
  9 wargs
  3 acid dragons
  15 hell hounds (Lair:5)
  14 water moccasins
  6 swamp drakes
  36 orc warriors
  2 sky beasts
  14 black bears
  29 wolves
  17 centaurs
  3 great orb of eyes simulacra (IceCv)
  3 boggarts (D:14)
  2 lemures (D:7)
  3 ogres
  A phantom (D:7)
  3 slime creature simulacra (IceCv)
  8 kobold brigands
  12 bullfrogs
  A gnoll sergeant (D:11)
  7 glowing shapeshifter simulacra (IceCv)
  5 small abominations (Abyss:2)
  5 wights (D:7)
  3 killer bees (D:10)
  4 electric eels
  5 howler monkeys
  2 quasits (Abyss:2)
  4 jellies
  2 hounds
  19 orc priests
  5 iguanas
  7 starcursed masses (Abyss:2)
  23 orc wizards
  A mummy (Depths:2)
  11 gnolls
  13 adders
  A shadow imp (D:5)
  2 white imps
  2 ufetubi
  4 worms
  4 dart slugs
  94 orcs
  8 endoplasms
  7 giant cockroaches
  7 goblins
  10 hobgoblins
  11 jackals
  17 kobolds
  4 quokkas
  11 ball pythons
  9 bats
  5 frilled lizards
  8 rats
  11 briar patches
1285 creatures vanquished.

Vanquished Creatures (collateral kills)
  A thorn hunter (Swamp:2)
  A nagaraja (Snake:4)
  An anaconda (Snake:4)
  A naga sharpshooter (Snake:4)
  Sonja (D:10)
  2 swamp dragons (Swamp:2)
  An ugly thing (D:15)
  A troll (D:10)
  2 nagas (Snake:4)
  2 swamp worms (Swamp:2)
13 creatures vanquished.

Vanquished Creatures (others)
  A fire giant (Depths:1)
  A nagaraja (Snake:4)
  A caustic shrike simulacrum (Depths:2)
  2 bloated husks
  6 briar patches
  4 foxfires (Swamp:2)
  24 fungi
  77 plants
  2 withered plants (D:8)
118 creatures vanquished.

Grand Total: 1416 creatures vanquished

Notes
Turn   | Place    | Note
-------+----------+-------------------------------------------
     0 | D:1      | Grim the Minotaur Berserker began the quest for the Orb.
     0 | D:1      | Reached XP level 1. HP: 19/19 MP: 0/0
   156 | D:1      | Reached skill level 1 in Polearms
   235 | D:1      | Reached XP level 2. HP: 26/26 MP: 1/1
   392 | D:1      | Found a faded altar of an unknown god.
   499 | D:1      | Reached XP level 3. HP: 30/31 MP: 2/2
   883 | D:2      | Reached ** piety under Trog
   972 | D:2      | Identified the +7 mace of Due Proportion {heavy, Dex+2}
  1145 | D:2      | Reached XP level 4. HP: 39/39 MP: 3/3
  1411 | D:2      | Found a hide-covered altar of Uskayaw.
  1995 | D:3      | Reached *** piety under Trog
  2318 | D:4      | Found an ornate altar of the Wu Jian Council.
  2321 | D:4      | Reached XP level 5. HP: 45/45 MP: 4/4
  2330 | D:4      | Reached skill level 5 in Axes
  2679 | D:4      | Found an ancient bone altar of Kikubaaqudgha.
  2992 | D:4      | Identified the +3 ring mail of the Cockatrice {Harm Int+4}
  3178 | D:4      | Reached XP level 6. HP: 51/51 MP: 5/5
  3626 | D:5      | Entered Level 5 of the Dungeon
  3831 | D:5      | Reached XP level 7. HP: 45/57 MP: 6/6
  4477 | D:6      | Found a glowing drain.
  4485 | Sewer    | Entered a sewer
  4682 | Sewer    | Reached **** piety under Trog
  4750 | Sewer    | Reached skill level 10 in Axes
  4862 | Sewer    | Reached XP level 8. HP: 60/64 MP: 7/7
  5764 | D:6      | Reached XP level 9. HP: 70/70 MP: 8/8
  6693 | D:7      | Noticed Pikel
  6710 | D:7      | Killed Pikel
  6711 | D:7      | Reached skill level 15 in Axes
  6785 | D:7      | Found a staircase to the Ecumenical Temple.
  7178 | D:7      | Noticed Joseph
  7182 | D:7      | Found a sacrificial altar of Ru.
  7203 | D:7      | Killed Joseph
  7401 | D:7      | Reached ***** piety under Trog
  7402 | D:7      | Reached XP level 10. HP: 77/77 MP: 9/9
  7725 | D:8      | Found a runed translucent door.
  7725 | D:8      | Noticed choppaz's ghost (journeyman HOFi)
  8768 | D:8      | Killed choppaz's ghost
  8769 | D:8      | Reached skill level 5 in Fighting
  8769 | D:8      | Reached skill level 5 in Armour
  9526 | D:9      | Noticed a boulder beetle
  9545 | D:9      | Killed a boulder beetle
  9996 | D:10     | Entered Level 10 of the Dungeon
 10017 | D:10     | Noticed Maurice
 10043 | D:10     | Killed Maurice
 10044 | D:10     | Reached XP level 11. HP: 95/95 MP: 10/10
 10265 | D:10     | Found a staircase to the Orcish Mines.
 10470 | D:10     | Found a staircase to the Lair.
 10846 | D:10     | Found a white marble altar of Elyvilon.
 11007 | D:10     | Noticed Sonja
 11017 | D:10     | Killed Sonja
 11846 | D:11     | Reached skill level 10 in Armour
 11848 | D:11     | Reached skill level 10 in Fighting
 11851 | D:11     | Identified a scroll of acquirement
 11851 | D:11     | Acquired the amulet "Heshruru" {Faith rC+ MP+9}
 11995 | D:11     | Noticed a two-headed ogre
 12000 | D:11     | Killed a two-headed ogre
 13618 | D:12     | Received a gift from Trog
 13927 | D:12     | Reached XP level 12. HP: 98/112 MP: 6/11
 14394 | D:13     | Noticed a centaur warrior
 14405 | D:13     | Killed a centaur warrior
 14673 | D:13     | Noticed a centaur warrior
 14683 | D:13     | Noticed a two-headed ogre
 14688 | D:13     | Killed a two-headed ogre
 14710 | D:13     | Killed a centaur warrior
 15127 | D:13     | Noticed a two-headed ogre
 15133 | D:13     | Killed a two-headed ogre
 15478 | D:13     | Found a runed translucent door.
 15478 | D:13     | Found an ancient bone altar of Kikubaaqudgha.
 16811 | D:14     | Reached skill level 1 in Ranged Weapons
 17027 | D:14     | Noticed a centaur warrior
 17039 | D:14     | HP: 3/117 [centaur warrior/+0 flail (12)]
 17042 | D:14     | Killed a centaur warrior
 17290 | D:14     | Found a shimmering altar of Xom.
 17295 | D:14     | Found a shimmering altar of Xom.
 17331 | D:14     | Reached XP level 13. HP: 85/124 MP: 7/12
 17639 | D:14     | Reached skill level 5 in Dodging
 18122 | D:14     | Reached skill level 5 in Ranged Weapons
 18403 | D:14     | Found a shimmering altar of Xom.
 18403 | D:14     | Found a shimmering altar of Xom.
 18637 | D:14     | Found a gate to the Vaults.
 18637 | D:14     | Noticed an ironbound preserver
 18650 | D:14     | Killed an ironbound preserver
 18706 | D:14     | Found a shimmering altar of Xom.
 18706 | D:14     | Found a shimmering altar of Xom.
 18706 | D:14     | Found a shimmering altar of Xom.
 18855 | D:15     | Entered Level 15 of the Dungeon
 19614 | D:15     | Received a gift from Trog
 19956 | D:15     | Found a staircase to the Depths.
 20583 | D:15     | Found a sacrificial altar of Ru.
 20915 | Lair:1   | Entered Level 1 of the Lair of Beasts
 20976 | Lair:1   | HP: 8/186 [electric eel/bolt of electricity (11)]
 21990 | Lair:2   | Noticed Harold
 22005 | Lair:2   | Killed Harold
 22180 | Lair:2   | Reached XP level 14. HP: 125/132 MP: 7/13
 22185 | Lair:2   | Reached skill level 10 in Dodging
 22522 | Lair:2   | Reached skill level 10 in Ranged Weapons
 23411 | Lair:3   | Paralysed by a hornet for 3 turns
 23819 | Lair:3   | Found a staircase to the Swamp.
 24357 | Lair:3   | Found a staircase to the Snake Pit.
 25204 | Lair:4   | Found a gate leading to a gauntlet.
 25211 | Gauntlet | Entered a Gauntlet
 25211 | Gauntlet | Found a large runed translucent door.
 25211 | Gauntlet | Found a large runed translucent door.
 25211 | Gauntlet | Found a large runed translucent door.
 25211 | Gauntlet | Found a large runed translucent door.
 25211 | Gauntlet | Found a large runed translucent door.
 25211 | Gauntlet | Found a large runed translucent door.
 25211 | Gauntlet | Found a runed translucent door.
 25211 | Gauntlet | Found a transporter.
 25211 | Gauntlet | Found a transporter.
 25211 | Gauntlet | Found a runed translucent door.
 25211 | Gauntlet | Found a large runed translucent door.
 25211 | Gauntlet | Found a large runed translucent door.
 25211 | Gauntlet | Found a large runed translucent door.
 25211 | Gauntlet | Found a large runed translucent door.
 25211 | Gauntlet | Found a large runed translucent door.
 25211 | Gauntlet | Found a large runed translucent door.
 25215 | Gauntlet | Found a transporter.
 25215 | Gauntlet | Found a transporter.
 25239 | Gauntlet | Found a transporter.
 25249 | Gauntlet | Found a transporter.
 25249 | Gauntlet | Found a transporter.
 25253 | Gauntlet | Found a transporter.
 25280 | Gauntlet | Found a transporter.
 25287 | Gauntlet | Found a transporter.
 25300 | Gauntlet | Found a large runed translucent door.
 25350 | Gauntlet | Found a large runed translucent door.
 25352 | Gauntlet | Found a runed translucent gate.
 25353 | Gauntlet | Found a runed translucent gate.
 25354 | Gauntlet | Found a transporter.
 25354 | Gauntlet | Found a runed translucent gate.
 25372 | Gauntlet | Found a large runed translucent door.
 25373 | Gauntlet | Found a large runed translucent door.
 25400 | Gauntlet | Found a transporter.
 25414 | Gauntlet | Found a transporter.
 25499 | Gauntlet | Found a transporter.
 25514 | Gauntlet | Found a transporter.
 25530 | Gauntlet | Found a transporter.
 25913 | Gauntlet | Identified the +7 trident of Insomnia {heavy, rF+ Str+2
                  | Dex+3}
 25960 | Gauntlet | Identified the ring of Teci {Wiz rElec Will- Str+4}
 25977 | Gauntlet | Identified the +6 scale mail of the Other World {rN+}
 27284 | Lair:5   | Entered Level 5 of the Lair of Beasts
 28086 | Lair:5   | Reached XP level 15. HP: 95/139 MP: 7/14
 29006 | Lair:5   | Reached skill level 15 in Fighting
 29393 | Lair:5   | Received a gift from Trog
 30261 | Lair:5   | Identified the +5 flail "Beastslayer" {freeze, Dex+3}
 30459 | Lair:5   | Found a staircase to the Slime Pits.
 30773 | Orc:1    | Entered Level 1 of the Orcish Mines
 30794 | Orc:1    | Found a frozen archway.
 30812 | IceCv    | Entered an ice cave
 31383 | IceCv    | Noticed an azure jelly
 31394 | IceCv    | Killed an azure jelly
 31394 | IceCv    | Noticed an azure jelly
 31435 | IceCv    | Killed an azure jelly
 31822 | IceCv    | Acquired 809 gold pieces
 32055 | IceCv    | Found a viscous altar of Jiyva.
 32077 | IceCv    | Identified the amulet "Xidghaoqo" {Fragile rC+ rN+ Regen+}
 32396 | Orc:2    | Entered Level 2 of the Orcish Mines
 32705 | Orc:2    | Noticed Nergalle
 32722 | Orc:2    | Killed Nergalle
 32782 | Orc:2    | Noticed Saint Roka
 32945 | Orc:1    | Reached skill level 15 in Dodging
 32965 | Orc:2    | Killed Saint Roka
 33350 | Orc:2    | Found Jeuxkoru's Antique Weapon Shop.
 33375 | Orc:2    | Received a gift from Trog
 33618 | Orc:2    | Found Duwuv's General Store.
 33673 | Orc:2    | Found Wetu's Jewellery Shop.
 33828 | Orc:2    | Found a staircase to the Elven Halls.
 33950 | Orc:2    | Found Vyom's Antique Armour Shop.
 33956 | Orc:2    | Bought a spiked scarf for 310 gold pieces
 33956 | Orc:2    | Identified the scarf of a sewer {harm, Rampage rN+} (You
                  | bought it in a shop on level 2 of the Orcish Mines)
 34473 | Swamp:1  | Entered Level 1 of the Swamp
 34500 | Swamp:1  | Noticed a tentacled monstrosity
 34506 | Swamp:1  | Killed a tentacled monstrosity
 35030 | Swamp:1  | Found a runed translucent gate.
 35030 | Swamp:1  | Found a runed translucent gate.
 35030 | Swamp:1  | Found a runed translucent gate.
 35034 | Swamp:1  | Noticed Nepie's ghost (journeyman MiBe)
 35445 | Swamp:1  | Reached XP level 16. HP: 155/155 MP: 8/15
 36361 | Swamp:1  | Killed Nepie's ghost
 36539 | Swamp:2  | Noticed a thorn hunter
 36549 | Swamp:2  | Killed a thorn hunter
 38021 | Swamp:2  | Gained mutation: You have supernaturally acute eyesight.
                  | (SInv) [potion of mutation]
 38021 | Swamp:2  | Gained mutation: You are somewhat resistant to further
                  | mutation. [potion of mutation]
 38021 | Swamp:2  | Gained mutation: You are resistant to electric shocks.
                  | (rElec) [potion of mutation]
 38059 | Swamp:2  | Noticed a thorn hunter
 38069 | Swamp:2  | Killed a thorn hunter
 39137 | Swamp:3  | Received a gift from Trog
 40140 | Swamp:4  | Entered Level 4 of the Swamp
 40166 | Swamp:4  | Noticed Donald
 40180 | Swamp:4  | Killed Donald
 40333 | Swamp:4  | Noticed a thorn hunter
 40333 | Swamp:4  | Noticed a thorn hunter
 40339 | Swamp:4  | Noticed Louise
 42512 | Swamp:3  | Killed a thorn hunter
 42739 | Abyss:2  | Cast into level 2 of the Abyss (Louise)
 42791 | Abyss:2  | Lost intelligence.
 43099 | Abyss:2  | Received a gift from Trog
 43128 | Abyss:2  | Lost intelligence.
 43350 | Swamp:3  | Escaped the Abyss
 43362 | Swamp:3  | Killed Louise
 43363 | Swamp:3  | Reached XP level 17. HP: 144/144 MP: 16/16
 46296 | Swamp:3  | Paralysed by a fenstrider witch for 4 turns
 47557 | Swamp:4  | Reached ****** piety under Trog
 48051 | Swamp:4  | Got a decaying rune of Zot
 48239 | Snake:1  | Entered Level 1 of the Snake Pit
 48325 | Snake:1  | Received a gift from Trog
 48325 | Snake:1  | Found the +9 sword of Zonguldrok {reap}
 49718 | Snake:1  | Found Mopiedimn's Jewellery Emporium.
 49718 | Snake:1  | Found Qofus's Book Boutique.
 49719 | Snake:1  | Found Koorph's Jewellery Emporium.
 50635 | Snake:2  | Received a gift from Trog
 50693 | Snake:2  | Reached skill level 15 in Armour
 51078 | Snake:2  | Reached XP level 18. HP: 168/169 MP: 17/17
 51085 | Snake:2  | Found Cudeakic's Antique Armour Shoppe.
 51088 | Snake:2  | Found Atuuq's General Store.
 51090 | Snake:2  | Found Gewn's Distillery.
 51175 | Snake:2  | Bought a pair of glowing boots for 300 gold pieces
 52708 | Snake:3  | Received a gift from Trog
 54425 | Snake:3  | Received a gift from Trog
 55086 | Snake:4  | Entered Level 4 of the Snake Pit
 55238 | Snake:4  | Found a flickering gateway to a bazaar.
 55244 | Bazaar   | Entered a bazaar
 55244 | Bazaar   | Found Tomianie's General Store.
 55244 | Bazaar   | Found Leocakee's Antique Weapon Shoppe.
 55244 | Bazaar   | Found Maidwim's Book Boutique.
 55446 | Bazaar   | Bought a scroll of acquirement for 936 gold pieces
 55475 | Bazaar   | Found Bapepah's Antique Armour Emporium.
 55483 | Bazaar   | Found Edghut's Magic Scroll Emporium.
 55504 | Bazaar   | Acquired the +0 cloak of the Stone Wall {Will- Slay+5 SInv
                  | Stlth+}
 55565 | Bazaar   | Bought a pair of embroidered gloves for 172 gold pieces
 55578 | Bazaar   | Bought a scroll of enchant armour for 105 gold pieces
 55868 | Snake:4  | Received a gift from Trog
 56199 | Snake:4  | Reached skill level 15 in Ranged Weapons
 56811 | Snake:4  | Received a gift from Trog
 56861 | Snake:4  | Reached XP level 19. HP: 41/177 MP: 9/18
 57225 | Snake:4  | Noticed Vashnia
 57240 | Snake:4  | Killed Vashnia
 57375 | Snake:4  | Got a serpentine rune of Zot
 57820 | Depths:1 | Entered Level 1 of the Depths
 58138 | Depths:1 | Noticed a Tzitzimitl
 58232 | Depths:1 | Found a one-way gate to the infinite horrors of the Abyss.
 58338 | Depths:1 | Found a broken altar of Ashenzari.
 58593 | Depths:1 | Found a gateway to Hell.
 59495 | Depths:2 | Paralysed by a sphinx for 3 turns
 59518 | Depths:2 | Paralysed by a sphinx for 3 turns
 59620 | Depths:2 | Found Big Baal Hell's Store.
 60864 | Depths:2 | Noticed Bai Suzhen
 60865 | Depths:2 | Received a gift from Trog
 60936 | Depths:2 | Killed Bai Suzhen
 60994 | Depths:2 | Paralysed by a sphinx for 4 turns
 61557 | Depths:2 | Paralysed by a sphinx for 5 turns
 61679 | Depths:2 | Noticed a royal mummy
 62494 | Depths:2 | Identified the ring of Xom's Amusement {Ice rElec Int+5}
 62494 | Depths:2 | Noticed Josephina
 62506 | Depths:2 | Killed Josephina
 62507 | Depths:2 | HP: 11/265 [spark wasp simulacrum[Josephina] (11)]
 62508 | Depths:2 | Slain by a tengu reaver simulacrum

Illustrated notes

Levels and vault maps discovered:
D:1:      matt_arrival_spirals, layout_loops_ring, basic_ecumenical_altar
D:2:      kb_forest_paths, layout_loops_ring, basic_altar
D:3:      layout_loops_ring
D:4:      layout_basic, mainiacjoe_overflow_boulevard, old_standard_altar
D:5:      layout_loops_ring, minmay_misc_feat_encased
D:6:      layout_gridville, lightli_sewer_entry_pipes, minmay_ruffians
D:7:      layout_loops_ring, mainiacjoe_overflow_chevrons, temple_statues,
          nrook_uturn, corexii_checkpoint_b, uniq_joseph, uniq_pikel
D:8:      layout_loops_corners, gammafunk_ghost_grave
D:9:      layout_cave_pools
D:10:     layout_gridville, mainiacjoe_overflow_paths, david_lair_shrubbed,
          erik_orc_1, minmay_holes, uniq_sonja, uniq_maurice
D:11:     layout_basic, dk_vineyard_1
D:12:     layout_loops_ring, special_room [special_room_orc]
D:13:     layout_small_grid, nicolae_danse_macabre
D:14:     layout_rooms, skrybe_vaults_entry_preservation,
          kennysheep_cross_bottleneck, nicolae_wwwww, xom_shifter_show
D:15:     hangedman_depths_entry_try_elsewhere_first, layout_loops_corners,
          nicolae_ru_path_of_blood
Lair:1:   layout_loops_ring, serial_bayou_shore_a
Lair:2:   layout_regular_city, infiniplex_staircase_pool_2, grunt_megastairs_1,
          uniq_harold
Lair:3:   layout_chaotic_city, nicolae_swamp_entry_splash_gauntlet,
          minmay_snake_entry_six_corridors, beast_lair_carwin_10
Lair:4:   layout_roguey, gauntlet_entry_generic
Lair:5:   hangedman_lair_caniforms_friends, layout_loops_ring,
          guppyfry_lair_end_dragon, minmay_slime_entry_oklob_enclosed
Swamp:1:  layout_basic_swamp, ebering_ghost_rock_garden,
          evilmike_swamp_ruin_rubble_1
Swamp:2:  layout_basic_swamp, evilmike_swamp_ruin_rubble_2
Swamp:3:  layout_basic_swamp, nicolae_swamp_tree_designs
Swamp:4:  nzn_swamp_witches_coven, layout_basic_swamp, swamp_pool1,
          nicolae_swamp_vermiculated, uniq_donald, uniq_louise
Snake:1:  layout_chambers, nicolae_snake_snake_lake, st_stairs_4,
          minmay_shop_grove
Snake:2:  layout_onion, minmay_shop_star, grunt_megastairs_4,
          serial_bayou_shore_b
Snake:3:  layout_chambers, grunt_megastairs_2, serial_bayou_shore_b
Snake:4:  grunt_snake_rune_serpentine_throne, layout_rooms, serial_shops,
          bzr_firewalk
Orc:1:    layout_diamond_mine, portal_ice_cave_rime
Orc:2:    grunt_orc_cross, layout_diamond_mine
Depths:1: layout_gridville, hell_entry, chequers_serial_rivers_room_a,
          nicolae_abyss_entry_one_way_or_another, evilmike_ruin_ashenzari
Depths:2: ragdoll_tomb_raider, layout_cave_pools,
          nicolae_hell_entry_big_baal_hell, kennysheep_small_spiral,
          grunt_pan_entry_spiral, minmay_three_doors,
          infiniplex_staircase_door_maze, firewood_loft, uniq_josephina,
          uniq_bai_suzhen

Skill      XL: |  1  2  3  4  5  6  7  8  9 10 11 12 13 14 15 16 17 18 19 |
---------------+----------------------------------------------------------+-----
Polearms       | 1 2 3 4 |  4.0
Axes           | 4 6 8 10 13 16 19 20 | 20.6
Armour         | 3 8 12 14 15 18 20 | 20.1
Fighting       | 8 12 14 17 | 17.3
Ranged Weapons | 3 9 12 15 17 | 17.5
Dodging        | 4 9 13 15 18 20 | 20.2

Action                     |  1- 3 |  4- 6 |  7- 9 | 10-12 | 13-15 | 16-18 | 19-21 || total
---------------------------+-------+-------+-------+-------+-------+-------+-------++-------
  Melee: Hand axe          |    86 |   155 |   294 |    93 |       |       |       ||   628
         Headbutt          |     6 |    20 |    57 |   101 |   241 |   273 |    48 ||   746
         Punch             |       |       |     3 |     1 |       |       |       ||     4
         Battleaxe         |       |       |       |   337 |  1030 |   660 |       ||  2027
         Executioner's axe |       |       |       |       |       |   554 |   208 ||   762
   Fire: Arbalest          |       |       |       |     8 |    92 |   263 |    59 ||   422
 Invoke: Berserk           |       |     1 |     2 |    14 |    21 |    19 |     6 ||    63
         Trog's Hand       |       |       |     1 |     1 |     1 |    10 |     7 ||    20
         Brothers in Arms  |       |       |       |     3 |     4 |     3 |     3 ||    13
  Evoke: Wand              |       |       |       |       |     2 |     1 |       ||     3
    Use: Scroll            |       |       |       |    12 |     9 |    18 |     4 ||    43
         Potion            |       |       |       |     3 |       |     3 |     1 ||     7
   Stab: Distracted        |       |       |       |     1 |       |     1 |       ||     2
 Armour: Leather armour    |     2 |       |       |       |       |       |       ||     2
         Chain mail        |    37 |    68 |    87 |     8 |       |       |       ||   200
         Plate armour      |       |       |       |   180 |   480 |       |       ||   660
         Crystal plate arm |       |       |       |       |   155 |   889 |   287 ||  1331
  Dodge: Dodged            |    49 |   112 |   118 |   181 |   751 |  1206 |   338 ||  2755

Table legend: (Time is in decaauts)
 A = Elapsed time spent in this place.
 B = Non-inter-level travel time spent in this place.
 C = Inter-level travel time spent in this place.
 D = Time resting spent in this place.
 E = Time spent auto-exploring this place.
 F = Levels seen in this place.
 G = Mean time per level.
                   A        B        C        D        E       F      G
               +--------+--------+--------+--------+--------+-----+--------+
         Total |  63826 |  61629 |   2197 |  26877 |  26202 |  37 | 1725.0 |
       Dungeon |  20850 |  19618 |   1232 |   6897 |  10521 |  15 | 1390.0 |
          Lair |   9247 |   8841 |    406 |   3272 |   4511 |   5 | 1849.4 |
         Swamp |  13255 |  13091 |    164 |   7824 |   4052 |   4 | 3313.8 |
     Snake Pit |   9182 |   8949 |    233 |   4040 |   3429 |   4 | 2295.5 |
  Orcish Mines |   2209 |   2081 |    128 |    714 |    976 |   2 | 1104.5 |
        Depths |   4681 |   4650 |     31 |   2485 |   1327 |   2 | 2340.5 |
         Abyss |    739 |    739 |      0 |    380 |      0 |   1 |  739.0 |
        Bazaar |    350 |    350 |      0 |    194 |     33 |   1 |  350.0 |
         Sewer |    826 |    826 |      0 |      0 |    621 |   1 |  826.0 |
      Ice Cave |   1371 |   1371 |      0 |    655 |    435 |   1 | 1371.0 |
      Gauntlet |   1111 |   1111 |      0 |    411 |    295 |   1 | 1111.0 |
               +--------+--------+--------+--------+--------+-----+--------+

Top non-repeatable levels by time:
 Swamp:3: 6906 daAuts
Depths:1: 3342 daAuts
  Lair:5: 2729 daAuts
 Snake:3: 2722 daAuts
 Swamp:2: 2601 daAuts
 Snake:1: 2451 daAuts
    D:13: 2233 daAuts
    D:15: 2158 daAuts
    D:14: 2119 daAuts
  Lair:3: 2074 daAuts
 Snake:2: 2071 daAuts
    D:10: 2002 daAuts
 Snake:4: 1937 daAuts
    D:12: 1919 daAuts
 Swamp:1: 1912 daAuts
